 Dungeon Crawl Stone Soup version 0.21.1-1-g345015f (webtiles) character file.

63 inmateoo the Caller (level 4, 0/37 HPs)
             Began as a Naga Summoner on Feb 10, 2018.
             Was an Initiate of Vehumet.
             Slain by an orc
             ... wielding a +5 dagger of chaos
              (5 damage)
             ... on level 3 of the Dungeon.
             The game lasted 00:08:10 (1767 turns).

inmateoo the Caller (Naga Summoner)                 Turns: 1767, Time: 00:08:11

Health: 0/37       AC:  2    Str: 10    XL:     4   Next: 10%
Magic:  4/7        EV: 10    Int: 17    God:    Vehumet [......]
Gold:   224        SH:  0    Dex: 11    Spells: 1/7 levels left

rFire    + . .     SeeInvis +   s - +1 mace (protect)
rCold    . . .     Gourm    +   (no shield)
rNeg     . . .     Faith    .   a - +0 robe
rPois    +         Spirit   .   (no helmet)
rElec    .         Reflect  .   (no cloak)
rCorr    .         Harm     .   (no gloves)
MR       .....                  (no barding)
Stlth    ++........             g - amulet of the gourmand
HPRegen  0.12/turn              n - ring of protection from fire
MPRegen  0.10/turn              A - ring of flight

@: very slightly contaminated, very slow
A: large, see invisible, deformed body, poison resistance, slowness 2, slow
metabolism 1, spit poison 1, AC +1
a: Spit Poison, Renounce Religion, Evoke Flight


You were on level 3 of the Dungeon.
You worshipped Vehumet.
Vehumet was noncommittal.
You were very full.

You visited 1 branch of the dungeon, and saw 3 of its levels.

You collected 224 gold pieces.

Inventory:

Hand Weapons
 s - a +1 mace of protection (weapon)
 w - a +0 rapier
Missiles
 j - 104 stones (quivered)
Armour
 a - a +0 robe (worn)
Jewellery
 g - an amulet of the gourmand (around neck)
 n - a ring of protection from fire (left hand)
 y - an uncursed amulet of harm {unknown}
 A - a ring of flight (right hand)
Wands
 r - a wand of paralysis (17)
Scrolls
 f - a scroll of immolation {unknown}
 k - 2 scrolls of teleportation {unknown}
 l - 3 scrolls of blinking {unknown}
 o - 2 scrolls of enchant armour {unknown}
 p - 3 scrolls of remove curse {unknown}
 t - 4 scrolls of identify {unknown}
 v - a scroll of fog {unknown}
 x - a scroll of amnesia {unknown}
Potions
 d - a potion of haste {unknown}
 e - 2 potions of brilliance {unknown}
 h - a potion of cancellation {unknown}
 i - a potion of agility {unknown}
 m - a potion of berserk rage {unknown}
 q - a potion of curing {unknown}
 u - 2 potions of resistance {unknown}
Books
 b - a book of Callings

   Spells                             Type                      Level
   a - Summon Small Mammal            Summoning                    1
   b - Call Imp                       Summoning                    2
   c - Call Canine Familiar           Summoning                    3
   d - Summon Guardian Golem          Hexes/Summoning              3
   e - Summon Lightning Spire         Summoning/Air                4
   f - Summon Ice Beast               Ice/Summoning                4
Comestibles
 c - 7 rations


   Skills:
 + Level 0.9 Fighting
 + Level 2.1 Dodging
 + Level 3.8 Stealth
 + Level 2.3 Spellcasting
 * Level 4.6 Summonings


You had one spell level left.
You knew the following spells:

 Your Spells              Type           Power        Failure   Level  Hunger
a - Summon Small Mammal   Summ           ###.         2%          1    #......
b - Call Imp              Summ           ###.....     4%          2    ###....
c - Call Canine Familiar  Summ           ###.....     9%          3    ###....


Dungeon Overview and Level Annotations

Branches:
Dungeon (3/15)

Altars:
Hepliaklqana
Vehumet


Innate Abilities, Weirdness & Mutations

You cannot wear boots.
Your serpentine skin is tough. (AC +1)
You have supernaturally acute eyesight. (SInv)
Armour fits poorly on your strangely shaped body.
Your system is resistant to poisons. (rPois)
You cover ground very slowly.
You have a slow metabolism.
You can spit poison.


Message History

Your crimson imp hits the gnoll but does no damage.
The goblin hits your crimson imp with a club.
The gnoll completely misses your crimson imp.
Your crimson imp closely misses the gnoll.
The orc completely misses your crimson imp.
The goblin closely misses your crimson imp.
Your crimson imp hits the gnoll.
The gnoll hits your crimson imp with a dagger of chaos.
Your crimson imp is moving more slowly.
A bat comes into view.
You barely miss the orc.
The bat moves out of view.
The orc hits you with a dagger of chaos!
You are electrocuted!
Ouch! That really hurt!
* * * LOW HITPOINT WARNING * * *
The goblin hits your crimson imp with a club.
The gnoll completely misses your crimson imp.
Your crimson imp closely misses the goblin.
The orc hits you with a dagger of chaos.
You die...

#.....##
##......
#....##⌠
##.....
#...###≈ ##....
#.).# ### #⌠
#.... #...# ##
#. #....
#...##≈ .#
#.... #...#.#
.# #....
#...#^#g.#.≈.
#....
#(.@o.5gb.≈.≈
#....
#.....###o.....
#....
#.....#g###.≈#^
#.... #.....#.≈
#.$ #....
#....##... .
#####
#....###...
##### ##≈#≈#
###.


You could see a gnoll, 2 orcs, a goblin, a bat and a friendly crimson imp
(petrifying).

Vanquished Creatures
  An ooze (D:3)
  A worm (D:3)
  An orc (D:3)
  3 bats
  3 giant cockroaches
  A goblin (D:3)
  2 hobgoblins (D:2)
  A ball python (D:1)
  A frilled lizard (D:1)
  3 kobolds
  4 rats
21 creatures vanquished.

Vanquished Creatures (collateral kills)
  An adder (D:3)
  2 worms (D:2)
  A dart slug (D:3)
  2 leopard geckos (D:1)
  2 orcs (D:3)
  4 giant cockroaches (D:1)
  2 goblins (D:1)
  2 hobgoblins
  3 jackals (D:3)
  A kobold (D:1)
  9 bats
  2 frilled lizards
  3 rats (D:1)
34 creatures vanquished.

Grand Total: 55 creatures vanquished

Notes
Turn   | Place    | Note
-------+----------+-------------------------------------------
     0 | D:1      | inmateoo the Naga Summoner began the quest for the Orb.
     0 | D:1      | Reached XP level 1. HP: 15/15 MP: 3/3
   248 | D:1      | Reached XP level 2. HP: 16/24 MP: 1/5
   458 | D:1      | Learned a level 2 spell: Call Imp
   732 | D:2      | Reached XP level 3. HP: 29/30 MP: 4/6
   775 | D:2      | Learned a level 3 spell: Call Canine Familiar
  1348 | D:3      | Found a hazy altar of Hepliaklqana.
  1356 | D:3      | Found a radiant altar of Vehumet.
  1375 | D:3      | Became a worshipper of Vehumet
  1536 | D:3      | Reached XP level 4. HP: 25/37 MP: 3/7
  1767 | D:3      | Slain by an orc

Skill      XL: |  1  2  3 |
---------------+----------+-----
Dodging        | 2 |  2.1
Fighting       | |  0.9
Stealth        | |  3.8
Spellcasting   | |  2.3
Summonings     | |  4.6

Action                   |  1- 3 |  4- 6 || total
-------------------------+-------+-------++-------
Melee: Unarmed           |    61 |       ||    61
       Mace              |    38 |    13 ||    51
       Rapier            |    13 |       ||    13
       Short sword       |     2 |       ||     2
Throw: Stone             |     1 |       ||     1
 Cast: Summon Small Mamm |    28 |       ||    28
       Call Imp          |     6 |     2 ||     8
       Call Canine Famil |     3 |       ||     3
 Stab: Sleeping          |     3 |       ||     3
       Distracted        |     1 |       ||     1
  Eat: Chunk             |    13 |       ||    13
Armor: Robe              |    55 |     7 ||    62
Dodge: Dodged            |   102 |     7 ||   109
